 Dungeon Crawl Stone Soup version 0.29.0-11-gd7f09526c8 (webtiles) character file.

Game seed: 6262380682422726580

105 funkygono the Firebug (level 4, 0/24 HPs)
             Began as a Gargoyle Fire Elementalist on Sept 3, 2022.
             Slain by an orc
             ... wielding a +0 hand axe
              (6 damage)
             ... on level 3 of the Dungeon.
             The game lasted 00:07:08 (3121 turns).

funkygono the Firebug (Gargoyle Fire Elementalist)  Turns: 3121, Time: 00:07:08

Health: 0/24       AC:  5    Str: 12    XL:     4   Next: 81%
Magic:  3/7        EV: 12    Int: 17    God:
Gold:   196        SH:  5    Dex: 10    Spells: 2/8 levels left

rFire   . . .      SeeInvis .   p - +0 mace
rCold   . . .      Faith    .   (no shield)
rNeg    + . .      Spirit   .   a - +0 robe
rPois   ∞          Reflect  +   (no helmet)
rElec   +          Harm     .   (no cloak)
rCorr   .          Rampage  .   (no gloves)
Will    .....                   (no boots)
Stlth   ++........              h - amulet of reflection
HPRegen 0.08/turn               (no ring)
MPRegen 0.10/turn               (no ring)

@: no status effects
A: sickness immunity, AC +3, negative energy resistance 1, electricity
resistance, torment resistance 1, petrification resistance
a: no special abilities


You were on level 3 of the Dungeon.
You visited 1 branch of the dungeon, and saw 3 of its levels.

You collected 196 gold pieces.

Inventory:

Hand Weapons
 e - a +0 club
 j - a +1 long sword of protection
 p - a +0 mace (weapon)
Armour
 a - a +0 robe (worn)
 o - a scarf of shadows
 u - a +0 buckler
Magical Staves
 x - a staff of conjuration
Jewellery
 h - an amulet of reflection (around neck)
Scrolls
 c - a scroll of vulnerability {unknown}
 d - 2 scrolls of noise {unknown}
 f - 2 scrolls of butterflies {unknown}
 g - 5 scrolls of blinking {unknown}
 i - 2 scrolls of identify {unknown}
 l - a scroll of torment {unknown}
 q - 2 scrolls of enchant armour {unknown}
 s - a scroll of enchant weapon {unknown}
 v - 2 scrolls of amnesia {unknown}
 w - a scroll of brand weapon {unknown}
Potions
 b - a potion of magic
 k - a potion of resistance {unknown}
 m - a potion of degeneration {unknown}
 n - 2 potions of haste {unknown}
 r - a potion of lignification {unknown}
 t - a potion of might {unknown}


   Skills:
 + Level 0.2 Fighting
 + Level 0.2 Maces & Flails
 + Level 1.9 Dodging
 + Level 2.7 Stealth
 + Level 0.2 Shields
 + Level 2.5 Spellcasting
 + Level 1.9 Conjurations
 + Level 4.2 Fire Magic


You had 2 spell levels left.
You knew the following spells:

 Your Spells              Type           Power      Damage    Failure   Level
a - Foxfire               Conj/Fire      48%        2x1d6     5%          1
b - Scorch                Fire           32%        2d6       4%          2
c - Conjure Flame         Conj/Fire      12%        6-21      16%         3

Your spell library contained the following spells:

 Spells                   Type           Power      Damage    Failure   Level
 Inner Flame              Hex/Fire       9%         N/A       24%         3
 Flame Wave               Conj/Fire      12%        2d6       45%         4


Dungeon Overview and Level Annotations

Branches:
Dungeon (3/15)

Altars:
Elyvilon
Gozag
Hepliaklqana
Ru
Sif Muna
Wu Jian
Yredelemnul
Zin

Shops:
D:1 *   D:3 *


Innate Abilities, Weirdness & Mutations

You are immune to sickness and miasma.
Your stone body is resilient. (AC +3)
You are immune to poison.
You resist negative energy. (rN+)
You are resistant to electric shocks. (rElec)
You are resistant to unholy torment.
You are immune to petrification.


Message History

The foxfire hits the orc.
The orc is severely wounded.
The foxfire hits the orc but does no damage.
The orc is heavily wounded.
The orc closely misses you. The orc hits you but does no damage.
You block the orc's attack. The orc closely misses you.
You hit the orc but do no damage.
The orc is severely wounded.
The orc misses you. The orc closely misses you.
You barely miss the orc.
The orc is heavily wounded.
The orc misses you. The orc hits you with a +0 dagger.
The orc barely misses you. The orc hits you with a +0 dagger.
You hit the orc but do no damage.
The orc is heavily wounded.
The orc barely misses you. The orc hits you with a +0 hand axe.
There is an open door here.
The orc attacks as you move away! You block the orc's attack.
The orc attacks as you move away! The orc misses you.
The orc attacks as you move away! You block the orc's attack.
Casting: Foxfire (safe; 5% risk of failure)
Confirm with . or Enter, or press ? or * to list all spells.
You don't have enough magic to cast this spell.
Unknown command.
The orc attacks as you move away! The orc hits you with a +0 hand axe.
Casting: Foxfire (safe; 5% risk of failure)
Confirm with . or Enter, or press ? or * to list all spells.
You conjure some foxfire!
The orc hits you with a +0 hand axe.
* * * LOW HITPOINT WARNING * * *
The foxfire hits the orc but does no damage.
The orc is heavily wounded.
The foxfire hits the orc but does no damage.
The orc is heavily wounded.
The orc attacks as you move away! You block the orc's attack.
The orc attacks as you move away! The orc closely misses you.
Found a stone staircase leading down.
The orc attacks as you move away! The orc barely misses you.
A gnoll comes into view. It is wielding a +0 whip.
The orc attacks as you move away! The orc hits you with a +0 hand axe.
You die...

#####........#
.............##. ..
#####....>......
.... #.......## ...
####...## ..# #...#
.># ###...### #.#
#.....g.########.#
#..........@oo...#
#.......########.#
###..........#
#.##.# #...######.#
#.##.# #..## #.#
#.##.# #..# #.#
#.##.# #..# #.#
#.##.#
#..#######.###.##.#
#.......#†#.##.##.#


You could see a gnoll (wandering) and 2 orcs.

Vanquished Creatures
  3 gnolls
  2 adders
  A worm (D:2)
  6 orcs (D:3)
  6 ball pythons
  3 endoplasms
  A giant cockroach (D:1)
  4 hobgoblins
  3 jackals
  3 quokkas
  4 bats
  3 frilled lizards (D:1)
  5 goblins
  3 kobolds
  2 rats
49 creatures vanquished.

Vanquished Creatures (others)
  131 foxfires
131 creatures vanquished.

Grand Total: 180 creatures vanquished

Notes
Turn   | Place    | Note
-------+----------+-------------------------------------------
     0 | D:1      | funkygono the Gargoyle Fire Elementalist began the quest
                  | for the Orb.
     0 | D:1      | Reached XP level 1. HP: 10/10 MP: 3/3
   288 | D:1      | Reached XP level 2. HP: 15/15 MP: 3/5
   291 | D:1      | Learned a level 2 spell: Scorch
   393 | D:1      | Found a faded altar of an unknown god.
   483 | D:1      | Found Cifantirgh's Assorted Antiques.
  1290 | D:2      | Reached XP level 3. HP: 17/19 MP: 4/6
  1294 | D:2      | Learned a level 3 spell: Conjure Flame
  1955 | D:3      | Found Zucsum's General Store.
  2191 | D:3      | Found a white marble altar of Elyvilon.
  2193 | D:3      | Found an opulent altar of Gozag.
  2194 | D:3      | Found a shimmering blue altar of Sif Muna.
  2201 | D:3      | Found an ornate altar of the Wu Jian Council.
  2232 | D:3      | Reached skill level 4 in Fire Magic
  2345 | D:3      | Found a basalt altar of Yredelemnul.
  2348 | D:3      | Found a hazy altar of Hepliaklqana.
  2350 | D:3      | Found a glowing silver altar of Zin.
  2353 | D:3      | Found a sacrificial altar of Ru.
  2485 | D:3      | Reached XP level 4. HP: 20/24 MP: 2/7
  3121 | D:3      | Slain by an orc

Illustrated notes

Levels and vault maps discovered:
D:1:      lemuel_arrival_funnel, layout_basic,
          hellmonk_ecumenical_altar_lost_god, serial_shops, shop
D:2:      layout_basic
D:3:      layout_loops_ring, nicolae_overflow_hallway_of_the_gods, serial_shops,
          shop_statue, kennysheep_another_room

Skill      XL: |  1  2  3 |
---------------+----------+-----
Fire Magic     | 4 |  4.2
Fighting       | |  0.2
Maces & Flails | |  0.2
Dodging        | |  1.9
Stealth        | |  2.7
Shields        | |  0.2
Spellcasting   | |  2.5
Conjurations   | |  1.9

Action                   |  1- 3 |  4- 6 || total
-------------------------+-------+-------++-------
Melee: Mace              |    22 |    16 ||    38
 Cast: Foxfire           |    56 |    20 ||    76
       Scorch            |       |     5 ||     5
 Stab: Sleeping          |     1 |       ||     1
Armor: Robe              |    10 |     7 ||    17
Dodge: Dodged            |    24 |    33 ||    57
Block: Other             |     8 |    18 ||    26
